Description

Show a gasless 3-base setup...

Then cancel your 3rd, pull all your drones and GO.

Watch the Protoss vomit in disgust at how stupid you are :D. Enjoy the ladder points!

  • 17 pool
  • 18 hatch
  • 20 hatch
  • Don't build any more drones after the 3rd hatch and save larva - but if they're checking your main hatchery you might want to build extra drones to make it look like you're playing normal (saving up 3 larva as pools finishing looks suspicious)
  • Build 1-2 extra overlords to clear supply
  • Make sure you keep following the probe with 2-4 lings to hunt it down
  • Use overlord above Protoss natural to see which way adept goes out of the base - Run in with all your lings and drones just as it shades away. If it stays at home and finishes wall very fast then try to drill through and attack with drones from behind and lings from in-front

VOD

https://youtu.be/14Bd08ppsuY

Replay - The Vomit Build - (STARLORD Build)

Build Order

Get SALT Encoding   

  12  0:01  Drone  
  13  0:13  Overlord  
  13  0:18  Drone  
  14  0:32  Drone x3  
  17  0:46  Spawning Pool  
  17  0:49  Drone  
  17  0:57  Drone  
  18  1:13  Hatchery  
  17  1:34  Queen  
  17  1:35  Zergling x6  
  22  2:04  Overlord  
  22  2:24  Zergling x6  
  25  2:31  Zergling x2  
  26  2:44  Zergling x4  
  28  2:52  Zergling x2  
  16  3:44  Drone  
  16  3:51  Drone  
  17  4:03  Drone  
Spawning Tool Build Advisor. Get it on Overwolf

Analysis

Older notes - many still apply:

ZvP Vomit Build (Drone-Drill)

  • 17 hatch
  • 17 pool
  • 17 hatch
  • Make only lings
  • Cancel 3rd hatch
  • Just 1 queen
  • Pull all drones and drill them along with your lings

Notes:

  • Track probe and don’t let it see what you’re doing (show it the 3rd base fake)
  • You can stack the drones using mineral trick to make them look like 1 drone if you’re fancy, but it’s not necessary
  • This build works cos you show a greedy gasless build (usually no threat) so protoss is greedy/not worried about any assault - then you smack him with drones and lings
  • Even if there’s a unit in the wall your drones on one side and your lings on the other should break through and also block the walloff

Go to:

Details

  • Created by: PiG      
  • Published on: Aug 11, 2019
  • Modified on: Aug 11, 2019
  • Patch: 4.7.1
Show
View Real Time Build Order
Export as new Build Order

Comments (0)

There are no comments. Be the first!

Create an account to comment!